[ AOE2 MATCH · #504712517 ]
UnrankedMalians vs Lithuanians
Player's team · LOSS
[ REPLAY ANALYSIS · EXTRACTED FROM THE RECORDED GAME ]
Feudal
10:12
Castle
25:00
Imperial
—
| APM avg | 62.2 |
| APM peak | 122 |
| eAPM avg | 30.0 |
| Villagers / military | 93 / 80 |
Focus
⚔️ 45.8% · 🌾 54.2%
Archer ×60 · Scout Cavalry ×10 · Militia ×4 · Spearman ×4 · Knight ×2
Feudal
8:32
Castle
23:21
Imperial
—
| APM avg | 70.8 |
| APM peak | 129 |
| eAPM avg | 32.7 |
| Villagers / military | 87 / 55 |
Focus
⚔️ 47.5% · 🌾 52.5%
Cavalry Archer ×24 · Skirmisher ×11 · Scout Cavalry ×8 · Spearman ×6 · Knight ×4 · Monk ×1
Match map
Initial resources + every placement click. Lines = walls · curves = elevation contours. ◆ gold · ⬟ stone · ● berries · ✦ relic · ◌ wall gap
Your base· ✓ Closed at 25:00 · 41t walls · no gate
Oni.FreakinAndy's base· Open — unwalled flank
Smoothed initial terrain · ◌ = detected wall gap · hover for details
Inputs per minute
— OS+ | chart - - Oni.FreakinAndy
Build order — OS+ | chart
First 150 of 271 actions detected
| 0:01 | Create | Villager (Male) |
| 0:01 | Create | Villager (Male) |
| 0:02 | Build | House |
| 0:03 | Build | House |
| 0:04 | Create | Villager (Male) |
| 0:05 | Create | Villager (Male) |
| 0:05 | Create | Villager (Male) |
| 1:28 | Create | Villager (Male) |
| 1:28 | Create | Villager (Male) |
| 1:59 | Create | Villager (Male) |
| 1:59 | Create | Villager (Male) |
| 2:06 | Build | Lumber Camp |
| 2:16 | Create | Villager (Male) |
| 2:16 | Create | Villager (Male) |
| 2:47 | Create | Villager (Male) |
| 2:47 | Create | Villager (Male) |
| 3:03 | Create | Villager (Male) |
| 3:03 | Create | Villager (Male) |
| 3:36 | Create | Villager (Male) |
| 3:36 | Create | Villager (Male) |
| 3:36 | Create | Villager (Male) |
| 3:50 | Build | House |
| 3:57 | Create | Villager (Male) |
| 3:57 | Create | Villager (Male) |
| 4:20 | Create | Villager (Male) |
| 4:20 | Create | Villager (Male) |
| 4:33 | Build | Barracks |
| 4:43 | Create | Villager (Male) |
| 4:43 | Create | Villager (Male) |
| 5:04 | Create | Villager (Male) |
| 5:04 | Create | Villager (Male) |
| 5:10 | Build | House |
| 5:30 | Create | Militia |
| 5:37 | Create | Villager (Male) |
| 5:49 | Create | Militia |
| 5:56 | Build | House |
| 6:00 | Create | Villager (Male) |
| 6:12 | Build | Mill |
| 6:35 | Build | Mill |
| 6:36 | Create | Villager (Male) |
| 6:36 | Create | Villager (Male) |
| 6:36 | Create | Villager (Male) |
| 6:43 | Create | Villager (Male) |
| 7:00 | Research | Loom |
| 7:59 | Build | Mining Camp |
| 8:02 | Research | Feudal Age |
| 8:03 | Build | Mining Camp |
| 8:51 | Create | Militia |
| 9:25 | Create | Villager (Male) |
| 9:26 | Create | Militia |
| 9:28 | Build | Mill |
| 9:30 | Build | Farm |
| 9:52 | Create | Villager (Male) |
| 10:12 | Age | Feudal Age |
| 10:18 | Create | Spearman |
| 10:19 | Create | Villager (Male) |
| 10:21 | Build | Archery Range |
| 10:24 | Research | Double-Bit Axe |
| 10:24 | Research | Double-Bit Axe |
| 10:40 | Create | Villager (Male) |
| 10:41 | Create | Spearman |
| 10:44 | Build | Palisade Wall |
| 10:55 | Build | House |
| 11:02 | Create | Villager (Male) |
| 11:21 | Create | Archer |
| 11:30 | Create | Villager (Male) |
| 11:35 | Create | Archer |
| 11:39 | Build | Farm |
| 11:40 | Research | Horse Collar |
| 11:41 | Research | Horse Collar |
| 11:48 | Create | Archer |
| 11:58 | Create | Villager (Male) |
| 12:01 | Create | Spearman |
| 12:03 | Create | Villager (Male) |
| 12:07 | Build | Farm |
| 12:20 | Build | Farm |
| 12:30 | Build | Farm |
| 12:30 | Create | Villager (Male) |
| 12:32 | Build | Palisade Wall |
| 12:36 | Build | Palisade Wall |
| 12:42 | Create | Archer |
| 13:01 | Create | Spearman |
| 13:08 | Build | House |
| 13:10 | Build | House |
| 13:12 | Build | Palisade Wall |
| 13:15 | Build | Palisade Wall |
| 13:44 | Create | Archer |
| 13:44 | Create | Villager (Male) |
| 13:46 | Build | Farm |
| 13:55 | Build | Stable |
| 14:01 | Create | Villager (Male) |
| 14:03 | Create | Archer |
| 14:11 | Build | Farm |
| 14:21 | Create | Archer |
| 14:33 | Create | Villager (Male) |
| 14:57 | Create | Scout Cavalry |
| 14:58 | Build | Farm |
| 14:59 | Create | Villager (Male) |
| 15:09 | Create | Scout Cavalry |
| 15:10 | Create | Archer |
| 15:12 | Create | Villager (Male) |
| 15:16 | Build | Blacksmith |
| 15:21 | Create | Archer |
| 15:23 | Create | Scout Cavalry |
| 15:27 | Build | Farm |
| 15:40 | Create | Archer |
| 15:41 | Create | Scout Cavalry |
| 15:58 | Create | Archer |
| 16:04 | Create | Villager (Male) |
| 16:09 | Research | Fletching |
| 16:10 | Research | Fletching |
| 16:21 | Create | Archer |
| 16:27 | Create | Villager (Male) |
| 16:29 | Create | Villager (Male) |
| 16:30 | Build | Farm |
| 16:41 | Create | Archer |
| 16:44 | Create | Villager (Male) |
| 16:44 | Create | Villager (Male) |
| 16:44 | Create | Villager (Male) |
| 16:46 | Build | Farm |
| 16:56 | Create | Archer |
| 16:58 | Build | Archery Range |
| 17:02 | Create | Archer |
| 17:03 | Create | Villager (Male) |
| 17:07 | Create | Scout Cavalry |
| 17:29 | Create | Scout Cavalry |
| 17:31 | Create | Villager (Male) |
| 17:37 | Build | Watch Tower |
| 17:41 | Create | Archer |
| 17:48 | Create | Scout Cavalry |
| 17:52 | Create | Villager (Male) |
| 17:53 | Build | Farm |
| 17:58 | Build | House |
| 18:01 | Create | Archer |
| 18:19 | Build | Farm |
| 18:20 | Create | Villager (Male) |
| 18:23 | Create | Archer |
| 18:24 | Create | Archer |
| 18:28 | Build | House |
| 18:33 | Build | House |
| 18:36 | Build | Palisade Wall |
| 18:40 | Build | House |
| 18:42 | Build | House |
| 18:43 | Create | Villager (Male) |
| 18:45 | Build | Palisade Wall |
| 18:48 | Create | Archer |
| 18:50 | Create | Archer |
| 18:52 | Create | Scout Cavalry |
| 19:09 | Create | Scout Cavalry |
| 19:10 | Create | Archer |
Build order — Oni.FreakinAndy
First 150 of 240 actions detected
| 0:00 | Create | Villager (Male) |
| 0:00 | Create | Villager (Male) |
| 0:01 | Build | House |
| 0:18 | Create | Villager (Male) |
| 0:18 | Create | Villager (Male) |
| 0:27 | Create | Villager (Male) |
| 0:27 | Create | Villager (Male) |
| 1:06 | Build | Lumber Camp |
| 1:29 | Create | Villager (Male) |
| 1:30 | Create | Villager (Male) |
| 1:46 | Build | House |
| 1:48 | Build | House |
| 2:17 | Create | Villager (Male) |
| 2:17 | Create | Villager (Male) |
| 2:39 | Create | Villager (Male) |
| 3:08 | Create | Villager (Male) |
| 3:08 | Create | Villager (Male) |
| 3:56 | Build | Mill |
| 4:00 | Build | Mill |
| 4:04 | Create | Villager (Male) |
| 4:04 | Create | Villager (Male) |
| 4:19 | Create | Villager (Male) |
| 4:33 | Create | Villager (Male) |
| 4:33 | Create | Villager (Male) |
| 4:42 | Create | Villager (Male) |
| 5:25 | Research | Loom |
| 6:02 | Build | Barracks |
| 6:04 | Build | Palisade Wall |
| 6:22 | Research | Feudal Age |
| 6:22 | Research | Feudal Age |
| 7:25 | Create | Villager (Male) |
| 7:41 | Build | House |
| 8:32 | Age | Feudal Age |
| 8:35 | Build | Stable |
| 8:35 | Create | Spearman |
| 8:40 | Research | Double-Bit Axe |
| 8:49 | Create | Villager (Male) |
| 8:55 | Create | Spearman |
| 9:01 | Create | Villager (Male) |
| 9:03 | Build | House |
| 9:16 | Create | Scout Cavalry |
| 9:26 | Create | Villager (Male) |
| 9:29 | Build | Mill |
| 9:52 | Create | Villager (Male) |
| 10:05 | Create | Scout Cavalry |
| 10:05 | Create | Scout Cavalry |
| 10:24 | Build | Farm |
| 10:26 | Build | Farm |
| 10:31 | Build | House |
| 10:33 | Create | Villager (Male) |
| 10:51 | Build | House |
| 10:52 | Build | House |
| 10:58 | Create | Villager (Male) |
| 11:27 | Create | Villager (Male) |
| 11:31 | Build | Archery Range |
| 11:34 | Create | Scout Cavalry |
| 11:50 | Create | Villager (Male) |
| 11:59 | Build | Farm |
| 12:00 | Build | Farm |
| 12:00 | Create | Villager (Male) |
| 12:18 | Create | Villager (Male) |
| 12:19 | Build | Farm |
| 12:28 | Create | Villager (Male) |
| 12:29 | Build | Farm |
| 12:37 | Build | Palisade Wall |
| 12:46 | Create | Skirmisher |
| 12:53 | Create | Skirmisher |
| 13:07 | Create | Skirmisher |
| 13:10 | Build | Palisade Wall |
| 13:21 | Create | Skirmisher |
| 13:30 | Create | Skirmisher |
| 13:46 | Create | Villager (Male) |
| 13:48 | Create | Skirmisher |
| 13:58 | Build | Farm |
| 13:59 | Build | Farm |
| 14:05 | Build | Palisade Wall |
| 14:11 | Create | Villager (Male) |
| 14:16 | Build | Farm |
| 14:23 | Build | Farm |
| 14:29 | Create | Villager (Male) |
| 14:37 | Create | Scout Cavalry |
| 14:38 | Create | Villager (Male) |
| 14:40 | Research | Horse Collar |
| 14:58 | Create | Villager (Male) |
| 15:01 | Create | Villager (Male) |
| 15:04 | Create | Villager (Male) |
| 15:12 | Create | Villager (Male) |
| 15:15 | Build | Blacksmith |
| 15:27 | Create | Skirmisher |
| 15:28 | Create | Villager (Male) |
| 15:34 | Build | House |
| 15:49 | Create | Scout Cavalry |
| 15:50 | Create | Spearman |
| 16:00 | Build | Farm |
| 16:06 | Create | Scout Cavalry |
| 16:15 | Research | Fletching |
| 16:15 | Research | Fletching |
| 16:28 | Build | Farm |
| 16:31 | Build | Lumber Camp |
| 16:33 | Build | Lumber Camp |
| 17:02 | Create | Skirmisher |
| 17:03 | Create | Villager (Male) |
| 17:10 | Create | Skirmisher |
| 17:20 | Build | Farm |
| 17:20 | Build | Farm |
| 17:20 | Build | Farm |
| 17:30 | Create | Scout Cavalry |
| 17:31 | Build | Farm |
| 17:32 | Create | Villager (Male) |
| 17:43 | Create | Spearman |
| 17:49 | Build | House |
| 17:56 | Build | Mining Camp |
| 18:00 | Build | Farm |
| 18:12 | Build | Palisade Gate |
| 18:13 | Build | House |
| 18:15 | Build | House |
| 18:19 | Create | Villager (Male) |
| 18:19 | Create | Villager (Male) |
| 18:32 | Create | Villager (Male) |
| 18:34 | Build | Farm |
| 18:36 | Build | Farm |
| 18:37 | Build | Farm |
| 18:42 | Create | Villager (Male) |
| 18:52 | Research | Wheelbarrow |
| 18:52 | Research | Wheelbarrow |
| 18:54 | Build | Farm |
| 19:05 | Create | Villager (Male) |
| 19:14 | Build | House |
| 19:19 | Build | House |
| 19:20 | Build | House |
| 19:44 | Build | Lumber Camp |
| 19:53 | Build | Farm |
| 20:08 | Create | Spearman |
| 20:41 | Research | Castle Age |
| 20:41 | Research | Castle Age |
| 20:46 | Research | Gold Mining |
| 21:14 | Create | Spearman |
| 21:23 | Research | Padded Archer Armor |
| 21:27 | Research | Bloodlines |
| 21:43 | Create | Skirmisher |
| 21:44 | Create | Skirmisher |
| 22:35 | Create | Villager (Male) |
| 22:40 | Build | Archery Range |
| 22:41 | Build | Archery Range |
| 23:10 | Create | Villager (Male) |
| 23:21 | Age | Castle Age |
| 23:21 | Research | Bow Saw |
| 23:22 | Research | Bow Saw |
| 23:24 | Research | Husbandry |
| 23:24 | Create | Cavalry Archer |
Match timeline
| 4:33 | OS+ | chart · first_building Barracks |
| 6:02 | Oni.FreakinAndy · first_building Barracks |
| 6:04 | Oni.FreakinAndy · wall_segment Palisade Wall x1 |
| 8:32 | Oni.FreakinAndy · age_up feudal |
| 8:35 | Oni.FreakinAndy · first_building Stable |
| 10:12 | OS+ | chart · age_up feudal |
| 10:21 | OS+ | chart · first_building Archery Range |
| 10:44 | OS+ | chart · wall_segment Palisade Wall x2 |
| 11:31 | Oni.FreakinAndy · first_building Archery Range |
| 12:32 | OS+ | chart · wall_segment Palisade Wall x1 |
| 12:36 | OS+ | chart · wall_segment Palisade Wall x1 |
| 12:37 | Oni.FreakinAndy · wall_segment Palisade Wall x4 |
| 13:10 | Oni.FreakinAndy · wall_segment Palisade Wall x6 |
| 13:12 | OS+ | chart · wall_segment Palisade Wall x2 |
| 13:15 | OS+ | chart · wall_segment Palisade Wall x1 |
| 13:55 | OS+ | chart · first_building Stable |
| 14:05 | Oni.FreakinAndy · wall_segment Palisade Wall x8 |
| 18:36 | OS+ | chart · wall_segment Palisade Wall x1 |
| 18:45 | OS+ | chart · wall_segment Palisade Wall x1 |
| 21:16 | OS+ | chart · first_market_sell 100 wood |
| 21:16 | OS+ | chart · first_market_buy 100 food |
| 22:24 | OS+ | chart · wall_segment Palisade Wall x4 |
| 23:16 | OS+ | chart · wall_segment Palisade Wall x6 |
| 23:17 | OS+ | chart · wall_segment Palisade Wall x1 |
| 23:21 | Oni.FreakinAndy · age_up castle |
| 23:24 | OS+ | chart · wall_segment Palisade Wall x18 |
| 23:43 | OS+ | chart · wall_segment Palisade Wall x3 |
| 25:00 | OS+ | chart · age_up castle |
| 25:38 | Oni.FreakinAndy · first_building Monastery |
| 29:46 | Oni.FreakinAndy · first_building Siege Workshop |
| 30:58 | OS+ | chart · resign |
[ AI ANALYSIS · 1 CREDIT ]
What really happened in this match?
Wolo.gg analyzes every decision: build order, eco, micro, common mistakes by bracket. Personalized analysis on WhatsApp or Discord in 30 seconds.
Civ guide
Malians
Perfil
Jugador #217905